 Dungeon Crawl Stone Soup version 0.31-a0-145-g046c7d2549 (webtiles) character file.

Game seed: 8068216471360109927

4010 night the Fighter (level 10, -4/67 (73) HPs)
             Began as a Barachi Venom Mage on June 6, 2023.
             Was a Priest of Hepliaklqana.
             Slain by a wight
             ... wielding a +0 trident
              (5 damage)
             ... on level 9 of the Dungeon.
             The game lasted 00:24:13 (8445 turns).

night the Fighter (Barachi Venom Mage)              Turns: 8445, Time: 00:24:14

HP:   -4/67 (73)    AC: 12    Str:  9    XL:     10   Next: 23%
MP:   27/30         EV: 13    Int: 18    God:    Hepliaklqana [***...]
Gold: 439           SH:  0    Dex: 15    Spells: 11/24 levels left

rFire   . . .        R - +1 falchion
rCold   . . .        (no shield)
rNeg    . . .        N - +0 steam dragon scales
rPois   .            (no helmet)
rElec   .            y - +0 cloak
rCorr   .            z - +1 pair of gloves
SInv    .            (no boots)
Will    .....        (no amulet)
Stlth   ++           x - ring of magical power
HPRegen 0.31/turn    B - +4 ring of protection
MPRegen 0.22/turn

%: no passive effects
@: unable to hop, drained, slow
A: reduced essence, amphibious, slowness 1, strong legs 1, +LOS
a: Hop, Renounce Religion, Recall Ancestor, Ancestor Identity, Transference


You were on level 9 of the Dungeon.
You worshipped Hepliaklqana.
Hepliaklqana was most pleased with you.
You visited 1 branch of the dungeon, and saw 9 of its levels.

You collected 439 gold pieces.

Inventory:

Hand Weapons
 e - a +0 dagger
 R - a +1 falchion (weapon)
Missiles
 f - 79 stones
 q - 22 poisoned darts
 J - 4 atropa-tipped darts
 L - a curare-tipped dart
Armour
 a - a +0 robe
 g - the +0 ring mail of the King of the Hill {Slay+3}
   (You found it on level 4 of the Dungeon)

   Slay:      It affects your accuracy & damage with ranged weapons and melee
   (+3).
 y - a +0 cloak (worn)
 z - a +1 pair of gloves (worn)
 E - a +2 leather armour of willpower
 N - +0 steam dragon scales (worn)
 O - a +0 troll leather armour
Jewellery
 x - a ring of magical power (left hand)
 B - a +4 ring of protection (right hand)
 I - an amulet of guardian spirit
 Q - an amulet of faith
Wands
 D - a wand of roots (25)
 H - a wand of paralysis (23)
Scrolls
 i - 4 scrolls of teleportation
 l - 2 scrolls of immolation
 n - a scroll of enchant armour
 p - a scroll of amnesia
 r - 3 scrolls of summoning
 s - a scroll of fog
 v - 2 scrolls of noise
 w - a scroll of blinking {unknown}
 A - a scroll of enchant weapon
 F - a scroll of poison {unknown}
 M - a scroll of vulnerability {unknown}
 P - a scroll of identify
 S - a scroll of magic mapping {unknown}
Potions
 b - a potion of magic
 c - 4 potions of might {unknown}
 d - a potion of cancellation {unknown}
 h - a potion of curing
 j - a potion of mutation {unknown}
 k - 2 potions of degeneration {unknown}
 m - a potion of enlightenment {unknown}
 o - a potion of berserk rage {unknown}
 t - 3 potions of heal wounds
 u - a potion of attraction {unknown}
 C - a potion of resistance {unknown}
 G - a potion of ambrosia {unknown}
 K - a potion of brilliance {unknown}


   Skills:
 + Level 8.9 Fighting
 + Level 3.9 Dodging
 - Level 1.7 Stealth
 + Level 7.7 Spellcasting
 - Level 1.1 Transmutations
 + Level 8.8 Poison Magic
 + Level 5.2 Invocations


You had 11 spell levels left.
You knew the following spells:

 Your Spells              Type           Power      Damage    Failure   Level
a - Sting                 Tmut/Pois      96%        1d7       1%          1
b - Poisonous Vapours     Pois/Air       44%        N/A       2%          2
c - Mephitic Cloud        Conj/Pois/Air  17%        N/A       9%          3
d - Olgreb's Toxic Radia  Pois           38%        N/A       2%          4
e - Spider Form           Tmut/Pois      24%        N/A       4%          3

Your spell library contained the following spells:

 Spells                   Type           Power      Damage    Failure   Level
 Beastly Appendage        Tmut           20%        N/A       6%          1
 Kiss of Death            Conj/Necr      24%        2d7       10%         1
 Magic Dart               Conj           24%        1d4       10%         1
 Wereblood                Tmut           10%        N/A       10%         2
 Call Imp                 Summ           12%        N/A       16%         2
 Sublimation of Blood     Necr           6%         N/A       16%         2
 Confusing Touch          Hex            6%         N/A       30%         3
 Frozen Ramparts          Ice            12%        1d2       30%         3
 Hailstorm                Conj/Ice       6%         3d4       30%         3
 Ice Form                 Ice/Tmut       8%         N/A       63%         4
 Petrify                  Tmut/Erth      8%         N/A       63%         4
 Dispel Undead            Necr           6%         3d8       69%         4
 Summon Ice Beast         Ice/Summ       6%         N/A       69%         4
 Irradiate                Conj/Tmut      4%         3d13      92%         5
 Simulacrum               Ice/Necr       3%         N/A       100%        6


Dungeon Overview and Level Annotations

Branches:
Dungeon (9/15)             Temple (0/1) D:4
   Lair: D:8-11         Orc: D:9-12

Altars:
Ashenzari
Cheibriados
Dithmenos
Gozag
Hepliaklqana
Nemelex Xobeh
Okawaru
Qazlal
Ru
Uskayaw
Vehumet
Xom

Shops:
D:4 [[


Innate Abilities, Weirdness & Mutations

Your life essence is reduced to manifest your ancestor. (-10% HP)
You are amphibious.
You cover ground slowly.
You can hop short distances.
You have an extended range of vision and can be seen from far away.


Message History

The wight hits you with a +3 mace of freezing.
You feel drained. The wight freezes you.
The kobold brigand attacks as you move away!
The kobold brigand misses you.
The kobold brigand throws a poisoned dart.
The poisoned dart hits you!
You are poisoned.
The wight hits you from afar with a +0 trident.
You closely miss the wight.
You feel very sick. The wight hits you but does no damage.
The wight hits you with a +3 mace of freezing.
The wight freezes you.
You completely miss the wight.
You feel sick.
The kobold brigand hits you but does no damage.
The wight closely misses you. x3
Hop to where?
Press: ? - help, Dir - move target Boing!
You feel sick.
A two-headed ogre comes into view.
It is wielding a +0 giant club and a +4 dire flail.
The wight hits you from afar with a +4 halberd.
The wight barely misses you.
You feel sick.
You kill the kobold brigand!
You feel sick. The wight barely misses you.
You feel sick.
The two-headed ogre hits you with a +0 giant club!!
* * * LOW HITPOINT WARNING * * *
The two-headed ogre misses you.
There is a stone staircase leading up, spattered with blood here.
Okay, then.
As you read the scroll labelled LOSAIDD WOCKE, it crumbles to dust.
It is a scroll of enchant weapon.
Your +0 falchion glows red for a moment.
* * * LOW HITPOINT WARNING * * *
You feel sick.
You are no longer poisoned.
The wight closely misses you.
The wight hits you from afar with a +0 trident.
You die...

#### #####...........
#....#...............
#....#.####..........
#....))..##.....##.##
#....#.#.######.# ...
####.#z#.# .# ..
#...).zz## ## .
#.#.#....# #.#..)@..#
# #.#O#### #..).
...).. #.....#
###...# #... #.## #.


You could see a two-headed ogre and 3 wights.

Vanquished Creatures
  Pikel (D:6)
  Duvessa (D:7)
  An ice beast (D:6)
  2 black bears (D:6)
  3 ogres
  3 wolves (D:8)
  A lemure (D:6)
  2 kobold brigands
  2 hounds
  2 orc priests
  An iguana (D:2)
  2 orc wizards (D:8)
  3 gnolls
  3 adders
  A white imp (D:8)
  3 worms
  2 dart slugs (D:1)
  12 orcs
  5 endoplasms
  6 giant cockroaches
  2 goblins
  5 hobgoblins
  4 jackals
  5 quokkas
  12 ball pythons
  4 bats
  5 frilled lizards
  32 kobolds
  9 rats
134 creatures vanquished.

Vanquished Creatures (collateral kills)
  Sigmund (D:6)
  A steam dragon (D:7)
  Grum (D:8)
  Menkaure (D:6)
  The ghost of oufanbear the Ruffian, an amateur TrBe of Trog (D:4)
  An orc warrior (D:8)
  2 black bears (D:5)
  An ogre (D:4)
  An ice beast (D:5)
  A phantom (D:6)
  2 lemures (D:6)
  3 kobold brigands
  Blork the orc (D:6)
  2 scorpions
  3 wights
  Dowan (D:7)
  3 killer bees (D:9)
  A hound (D:5)
  A jelly (D:5)
  2 orc priests (D:7)
  4 sleepcaps
  An iguana (D:5)
  An adder (D:6)
  A shadow imp (D:6)
  A white imp (D:5)
  A worm (D:3)
  A dart slug (D:3)
  5 orcs
  A giant cockroach (D:2)
  A goblin (D:3)
  A hobgoblin (D:3)
  A jackal (D:3)
  A quokka (D:2)
  A ball python (D:3)
  A frilled lizard (D:3)
  2 kobolds (D:6)
  A rat (D:3)
55 creatures vanquished.

Vanquished Creatures (others)
  A hound (D:7)
  5 knights
  An ancestor (D:4)
7 creatures vanquished.

Grand Total: 196 creatures vanquished

Notes
Turn   | Place    | Note
-------+----------+-------------------------------------------
     0 | D:1      | night the Barachi Venom Mage began the quest for the Orb.
     0 | D:1      | Reached XP level 1. HP: 13/13 MP: 3/3
   124 | D:1      | Reached XP level 2. HP: 10/20 MP: 1/5
   126 | D:1      | Reached skill level 1 in Fighting
   312 | D:1      | Learned a level 2 spell: Poisonous Vapours
   575 | D:1      | Reached XP level 3. HP: 21/26 MP: 0/7
  1204 | D:2      | Reached skill level 2 in Fighting
  1512 | D:2      | HP: 3/27 [iguana (12)]
  1518 | D:2      | Reached XP level 4. HP: 12/34 MP: 1/8
  1523 | D:2      | Learned a level 4 spell: Olgreb's Toxic Radiance
  1947 | D:2      | Reached XP level 5. HP: 32/41 MP: 5/10
  2013 | D:2      | Found a faded altar of an unknown god.
  2015 | D:2      | Prayed at the altar of an unknown god.
  2015 | D:2      | Became a worshipper of Hepliaklqana the Forgotten
  2015 | D:2      | Reached * piety under Hepliaklqana
  2270 | D:3      | Found an opulent altar of Gozag.
  2410 | D:3      | Learned a level 3 spell: Spider Form
  2424 | D:3      | Found a snail-covered altar of Cheibriados.
  2976 | D:3      | Found a stormy altar of Qazlal.
  3269 | D:4      | Found a staircase to the Ecumenical Temple.
  3421 | D:4      | Noticed an ogre
  3453 | D:4      | Killed an ogre
  3454 | D:4      | Reached XP level 6. HP: 43/43 MP: 5/12
  3605 | D:4      | Found Muruif's Armour Emporium.
  3622 | D:4      | Found Zuur's Antique Armour Shoppe.
  3630 | D:4      | Reached skill level 5 in Poison Magic
  3701 | D:4      | Reached ** piety under Hepliaklqana
  3702 | D:4      | Remembered your ancestor Ahhotep as a knight
  3791 | D:4      | Found a runed translucent door.
  3791 | D:4      | Noticed oufanbear's ghost (amateur TrBe)
  3805 | D:4      | Killed oufanbear's ghost
  3853 | D:4      | Identified the +0 ring mail of the King of the Hill
                  | {Slay+3}
  3881 | D:4      | Reached XP level 7. HP: 49/49 MP: 13/13
  4021 | D:4      | Reached skill level 5 in Fighting
  4299 | D:5      | Entered Level 5 of the Dungeon
  4457 | D:5      | Reached skill level 5 in Spellcasting
  4506 | D:5      | Reached skill level 1 in Invocations
  4755 | D:5      | Reached XP level 8. HP: 45/57 MP: 13/16
  4935 | D:5      | Reached skill level 2 in Invocations
  5387 | D:6      | Noticed Menkaure
  5394 | D:6      | Killed Menkaure
  5470 | D:6      | Noticed Blork the orc
  5478 | D:6      | Killed Blork the orc
  5485 | D:6      | Learned a level 3 spell: Mephitic Cloud
  5696 | D:6      | Found an iron altar of Okawaru.
  5860 | D:6      | Found a broken altar of Ashenzari.
  5881 | D:6      | Noticed Sigmund
  5888 | D:6      | Killed Sigmund
  5889 | D:6      | Reached XP level 9. HP: 64/64 MP: 16/18
  6239 | D:6      | Reached *** piety under Hepliaklqana
  6393 | D:6      | Noticed Pikel
  6415 | D:6      | Killed Pikel
  6773 | D:7      | Noticed Duvessa
  6775 | D:7      | Noticed Dowan
  6783 | D:7      | Killed Duvessa
  6784 | D:7      | Killed Dowan
  6910 | D:7      | Found a hide-covered altar of Uskayaw.
  6920 | D:7      | Found a shimmering altar of Xom.
  7308 | D:8      | Found a sacrificial altar of Ru.
  7345 | D:8      | Found a radiant altar of Vehumet.
  7529 | D:8      | Noticed Grum
  7538 | D:8      | Reached skill level 5 in Invocations
  7538 | D:8      | Reached XP level 10. HP: 27/73 MP: 21/21
  7539 | D:8      | Killed Grum
  7882 | D:8      | Found a shadowy altar of Dithmenos.
  7882 | D:8      | Found a sparkling altar of Nemelex Xobeh.
  8441 | D:9      | Noticed a two-headed ogre
  8444 | D:9      | HP: 2/67 [two-headed ogre/+0 giant club (18)]
  8445 | D:9      | Slain by a wight

Illustrated notes

Levels and vault maps discovered:
D:1:      eino_arrival_water_cross, layout_basic, st_stairs_10, nrook_uturn
D:2:      layout_rooms, chequers_ecumenical_altar_twisty
D:3:      layout_loops_cross, mainiacjoe_overflow_24_doors,
          kennysheep_slug_shrine, mainiacjoe_overflow_catwalk,
          minmay_misc_feat_roman
D:4:      layout_loops_ring, temple_pool_b, serial_shops, kennysheep_little_box,
          shop_statue, gammafunk_ghost_grave, hellmonk_no_cap
D:5:      layout_loops_ring
D:6:      layout_gridville, nicolae_overflow_squiral, gup_sewer_entry_spiral,
          minmay_misc_feat_encased, minmay_misc_feat_alley, uniq_blork_the_orc,
          uniq_pikel, uniq_sigmund, uniq_menkaure
D:7:      layout_gridville, brannock_xom_greatest_gift,
          nicolae_uskayaw_murder_on_the_dancefloor, minivault_25, uniq_duvessa
D:8:      layout_loops_ring, nicolae_overflow_hidden_temple,
          lemuel_doored_altar, gammafunk_temple_overflow_statue, uniq_grum
D:9:      layout_basic, david_orc_4

Skill      XL: |  1  2  3  4  5  6  7  8  9 |
---------------+----------------------------+-----
Fighting       | 1 2 3 4 5 7 8 |  8.9
Poison Magic   | 4 5 6 7 8 |  8.8
Spellcasting   | 3 4 5 6 7 |  7.7
Invocations    | 1 3 5 |  5.2
Dodging        | 3 |  3.9
Stealth        | |  1.7
Transmutations | |  1.1

Action                     |  1- 3 |  4- 6 |  7- 9 | 10-12 || total
---------------------------+-------+-------+-------+-------++-------
  Melee: Dagger            |    66 |    45 |   136 |    14 ||   261
         Punch             |     1 |       |     1 |       ||     2
         Unarmed           |       |     3 |       |       ||     3
         Falchion          |       |       |       |     7 ||     7
   Cast: Sting             |    31 |    25 |    43 |       ||    99
         Poisonous Vapours |    22 |    18 |    14 |       ||    54
         Olgreb's Toxic Ra |       |     6 |    29 |     4 ||    39
         Spider Form       |       |     4 |     1 |       ||     5
         Mephitic Cloud    |       |       |     3 |       ||     3
 Invoke: Ancestor Life: Kn |       |     1 |       |       ||     1
Ability: Hop               |     1 |     2 |       |     2 ||     5
         End Transformatio |       |     1 |       |       ||     1
  Evoke: Wand              |       |       |     1 |       ||     1
    Use: Potion            |     1 |     1 |       |       ||     2
         Scroll            |       |     6 |     2 |     1 ||     9
   Stab: Sleeping          |     2 |     1 |     3 |       ||     6
 Armour: Robe              |    16 |    11 |       |       ||    27
         Leather armour    |       |       |    50 |       ||    50
         Steam dragon scal |       |       |    20 |    16 ||    36
  Dodge: Dodged            |    54 |    39 |    85 |    29 ||   207

Table legend: (Time is in decaauts)
 A = Elapsed time spent in this place.
 B = Non-inter-level travel time spent in this place.
 C = Inter-level travel time spent in this place.
 D = Time resting spent in this place.
 E = Time spent auto-exploring this place.
 F = Levels seen in this place.
 G = Mean time per level.
                   A        B        C        D        E       F      G
               +--------+--------+--------+--------+--------+-----+--------+
         Total |   9347 |   9017 |    330 |    406 |   6868 |   9 | 1038.6 |
       Dungeon |   9347 |   9017 |    330 |    406 |   6868 |   9 | 1038.6 |
               +--------+--------+--------+--------+--------+-----+--------+

Top non-repeatable levels by time:
     D:6: 1580 daAuts
     D:1: 1375 daAuts
     D:4: 1165 daAuts
     D:5: 1164 daAuts
     D:8: 1116 daAuts
     D:3: 1084 daAuts
     D:2: 1080 daAuts
     D:7: 485 daAuts
     D:9: 295 daAuts
